 Dungeon Crawl Stone Soup version 0.19.1 (webtiles) character file.

5689 ImaNewbie the Zephyrmancer (level 10, -18/63 HPs)
             Began as a High Elf Air Elementalist on Dec 25, 2016.
             Was a Priest of Vehumet.
             Demolished by a hill giant
             ... wielding a +0 giant club
              (26 damage)
             ... on level 10 of the Dungeon on Dec 26, 2016.
             The game lasted 00:57:00 (10936 turns).

ImaNewbie the Zephyrmancer (HEAE)                  Turns: 10936, Time: 00:57:01

Health: -18/63     AC: 14    Str:  8    XL:     10   Next: 47%
Magic:  0/23       EV: 16    Int: 25    God:    Vehumet [***...]
Gold:   498        SH:  3    Dex: 17    Spells: 8 memorised, 2 levels left

rFire  . . .     SeeInvis .     o - +2 quarterstaff (chaos)
rCold  + . .     Gourm    .     i - +3 leather armour {rPois}
rNeg   . . .     Faith    .     (shield currently unavailable)
rPois  +         Spirit   .     (no helmet)
rElec  .         Reflect  +     p - +2 cloak
rCorr  .         Harm     .     (no gloves)
MR     +....                    K - +2 pair of boots
Stlth  ++........               L - +3 amulet of reflection
                                y - ring of protection from cold
                                r - +4 ring of intelligence

@: repel missiles
A: repulsion field 1, slimy green scales 1, blink, MP-powered wands
a: Blink, Renounce Religion


You were on level 10 of the Dungeon.
You worshipped Vehumet.
Vehumet was most pleased with you.
You were near starving.

You visited 2 branches of the dungeon, and saw 11 of its levels.
You also visited: Ossuary.

You collected 498 gold pieces.

Inventory:

Hand Weapons
 h - a +1 dagger of protection
 o - a +2 quarterstaff of chaos (weapon)
Missiles
 q - 22 poisoned needles
Armour
 a - a +0 robe
 i - a +3 leather armour of poison resistance (worn)
 p - a +2 cloak (worn)
 C - the +0 pair of boots of Integrity {rC- rN++ Int+6}
   (You found it on level 4 of the Dungeon)

   It affects your intelligence (+6).
   It makes you vulnerable to cold.
   It greatly protects you from negative energy.
 K - a +2 pair of boots (worn)
Jewellery
 r - a +4 ring of intelligence (left hand)
 w - an uncursed ring of resist corrosion
 y - a ring of protection from cold (right hand)
 L - a +3 amulet of reflection (around neck)
Wands
 E - a wand of teleportation (5/9)
Scrolls
 e - 2 scrolls of random uselessness {unknown}
 k - 4 scrolls of blinking
 l - 2 scrolls of immolation {unknown}
 t - 3 scrolls of fear
 u - 3 scrolls of remove curse
 z - a scroll of enchant armour
 F - 2 scrolls of magic mapping {unknown}
 H - 5 scrolls of teleportation
 M - a scroll of vulnerability {unknown}
 N - a scroll of enchant weapon {unknown}
 O - a scroll of recharging {unknown}
Potions
 d - 2 potions of berserk rage
 f - 4 potions of curing
 j - 5 potions of flight
 m - 3 potions of brilliance
 n - 2 potions of might {unknown}
 x - a potion of degeneration {unknown}
 B - a potion of ambrosia {unknown}
 D - a potion of resistance {unknown}
 G - 3 potions of haste {unknown}
 I - 3 potions of heal wounds {unknown}
Books
 b - a book of Air

   Spells                             Type                      Level
   a - Shock                          Conjuration/Air              1
   b - Swiftness                      Charms/Air                   2
   c - Repel Missiles                 Charms/Air                   2
   d - Static Discharge               Conjuration/Air              3
   e - Lightning Bolt                 Conjuration/Air              5
 J - a book of Callings

   Spells                             Type                      Level
   a - Summon Small Mammal            Summoning                    1
   b - Call Imp                       Summoning                    2
   c - Call Canine Familiar           Summoning                    3
   d - Summon Guardian Golem          Hexes/Summoning              3
   e - Summon Lightning Spire         Summoning/Air                4
   f - Summon Ice Beast               Ice/Summoning                4
 P - a book of Clouds

   Spells                             Type                      Level
   a - Mephitic Cloud                 Conjuration/Poison/Air       3
   b - Conjure Flame                  Conjuration/Fire             3
   c - Poisonous Cloud                Conjuration/Poison/Air       6
   d - Freezing Cloud                 Conjuration/Ice/Air          6
   e - Ring of Flames                 Charms/Fire                  7
Comestibles
 c - 8 bread rations
 g - 7 meat rations
 s - 6 fruits
 v - 3 beef jerkies
 A - 3 slices of pizza


   Skills:
 + Level 3.7 Fighting
 + Level 3.4 Armour
 + Level 5.2 Dodging
 - Level 2.1 Stealth
 - Level 8.4 Spellcasting
 - Level 8.0 Conjurations
 - Level 11.7 Air Magic


You had 2 spell levels left.
You knew the following spells:

 Your Spells              Type           Power        Failure   Level  Hunger
a - Shock                 Conj/Air       ####         1%          1    None
b - Static Discharge      Conj/Air       ######..     1%          3    None
c - Lightning Bolt        Conj/Air       ######....   1%          5    ####...
d - Summon Lightning Spi  Summ/Air       #####...     10%         4    ##.....
e - Repel Missiles        Chrm/Air       #####.       1%          2    None
f - Swiftness             Chrm/Air       #####...     1%          2    None
g - Inner Flame           Hex/Fire       ##......     7%          3    None
h - Mephitic Cloud        Conj/Pois/Air  #####...     1%          3    None


Dungeon Overview and Level Annotations

Branches:
Dungeon (10/15)            Temple (1/1) D:6
   Lair: D:8-11         Orc: D:9-12

Altars:
Ashenzari
Cheibriados
Dithmenos
Elyvilon
Fedhas
Gozag
Hepliaklqana
Kikubaaqudgha
Makhleb
Nemelex Xobeh
Okawaru
Qazlal
Ru
Sif Muna
Trog
Uskayaw
Vehumet
Xom
Yredelemnul
Zin
The Shining One

Shops:
D:5 }


Innate Abilities, Weirdness & Mutations

You are surrounded by a mild repulsion field. (EV +2)
You are partially covered in slimy green scales. (AC +2)
You can translocate small distances at will.
You expend magic power (3 MP) to strengthen your wands.


Message History

The hill giant is severely wounded.
The bolt of lightning hits the hill giant.
The hill giant is almost dead.
You are near starving!
The hill giant hits you with a giant club!!!
Ouch! That really hurt!
* * * LOW HITPOINT WARNING * * *
Unknown command.
Casting: Lightning Bolt
Confirm with . or Enter, or press ? or * to list all spells.
You don't have enough magic to cast that spell.
Casting: Lightning Bolt
Confirm with . or Enter, or press ? or * to list all spells.
The hill giant is struck by lightning.
The hill giant is almost dead.
The lightning arcs!
You are struck by lightning.
* * * LOW HITPOINT WARNING * * *
The lightning grounds out.
The hill giant hits you with a giant club!!
You die...

#....####.#.####### #
#).....@C..........
#)...####)#.######
#####'####.#.######.#
#.......##...........
#.......#################
#...(...# #..........
#.......# #.#########
#.......# #.# #.......#
#.# #.......# #.#
#####'### #.# #.# #.# #.#
#.# #.#########.#
#...........#
###########.#


You could see a hill giant.

Vanquished Creatures
  The ghost of Nakatomy the Archer, a novice CeHu of Trog (D:5)
  A hornet (D:8)
  Prince Ribbit (D:7)
  Menkaure (Temple)
  2 ice beasts (D:6)
  3 orc warriors
  4 phantoms
  3 sky beasts
  A black bear (D:6)
  6 ogres
  3 centaurs
  A big kobold (D:9)
  9 bullfrogs
  A wyvern zombie (D:9)
  3 water moccasin zombies (Ossuary)
  6 wights
  4 killer bees
  4 howler monkeys
  6 crimson imps
  A centaur zombie (D:9)
  3 bullfrog zombies
  5 hounds
  Crazy Yiuf (D:2)
  3 jellies
  3 iguanas
  4 orc priests
  4 orc wizards
  Jessica (D:2)
  A centaur skeleton (D:5)
  3 worker ants
  2 big kobold zombies (Ossuary)
  2 mummies (Ossuary)
  2 howler monkey zombies
  4 gnolls
  4 adders
  A howler monkey skeleton (D:9)
  2 shadow imps (D:8)
  An ooze (D:4)
  4 adder zombies (Ossuary)
  4 worms
  3 dart slugs
  6 leopard geckos
  18 orcs
  11 bats
  5 giant cockroaches
  12 goblins
  8 hobgoblins
  7 jackals
  5 quokkas
  A frilled lizard (D:1)
  3 gnoll zombies (Ossuary)
  3 hobgoblin zombies (Ossuary)
  13 kobolds
  7 kobold zombies (Ossuary)
  A leopard gecko zombie (D:5)
  6 orc zombies (Ossuary)
  2 quokka zombies (D:5)
  10 rats
236 creatures vanquished.

Vanquished Creatures (collateral kills)
  An ogre (D:7)
  2 killer bees (D:9)
  A hound (D:9)
  An adder skeleton (D:9)
5 creatures vanquished.

Vanquished Creatures (others)
  A necrophage (D:9)
1 creature vanquished.

Grand Total: 242 creatures vanquished

Notes
Turn   | Place    | Note
-------+----------+-------------------------------------------
     0 | D:1      | ImaNewbie the High Elf Air Elementalist began the quest for the Orb.
     0 | D:1      | Reached XP level 1. HP: 11/11 MP: 4/4
    73 | D:1      | Reached skill level 4 in Air Magic
   234 | D:1      | Reached XP level 2. HP: 17/17 MP: 0/6
   600 | D:1      | Reached skill level 5 in Air Magic
   824 | D:1      | Reached XP level 3. HP: 21/21 MP: 5/7
  1627 | D:2      | Reached XP level 4. HP: 27/27 MP: 4/8
  1742 | D:2      | Reached skill level 6 in Air Magic
  1747 | D:2      | Learned a level 3 spell: Static Discharge
  1773 | D:2      | Noticed Jessica
  1795 | D:2      | Killed Jessica
  1975 | D:2      | Found a bloodstained altar of Trog.
  2160 | D:2      | Found a runed door.
  2368 | D:2      | Noticed Crazy Yiuf
  2373 | D:2      | Killed Crazy Yiuf
  2373 | D:2      | Reached skill level 7 in Air Magic
  2373 | D:2      | Reached XP level 5. HP: 23/31 MP: 3/9
  2481 | D:3      | Found a hide-covered altar of Uskayaw.
  2634 | D:3      | Found a blossoming altar of Fedhas.
  2915 | D:3      | Found an opulent altar of Gozag.
  3243 | D:4      | Noticed a phantom
  3484 | D:4      | Killed a phantom
  3484 | D:4      | Reached XP level 6. HP: 20/36 MP: 7/12
  3658 | D:4      | Learned a level 5 spell: Lightning Bolt
  3866 | D:4      | Reached skill level 5 in Spellcasting
  3866 | D:4      | Reached XP level 7. HP: 35/41 MP: 9/15
  4184 | D:4      | Reached skill level 5 in Conjurations
  4350 | D:4      | Got a pair of ancient boots
  4361 | D:4      | Identified the +0 pair of boots of Integrity {rC- rN++ Int+6} (You found it on level 4 of the Dungeon)
  4574 | D:5      | Entered Level 5 of the Dungeon
  4630 | D:5      | Found a white marble altar of Elyvilon.
  4693 | D:5      | Found Koupaink's Gadget Shoppe.
  4753 | D:5      | Found a sand-covered staircase.
  4758 | Ossuary  | Entered an ossuary
  4984 | Ossuary  | HP: 2/41 [poison (a needle trap)]
  4992 | Ossuary  | HP: 1/41 [poison (a needle trap)]
  5331 | Ossuary  | Reached XP level 8. HP: 28/46 MP: 6/18
  5492 | Ossuary  | Gained mutation: You expend magic power (3 MP) to strengthen your wands. [potion of mutation]
  5492 | Ossuary  | Gained mutation: You are frail. (-10% HP) [potion of mutation]
  5492 | Ossuary  | Gained mutation: You are surrounded by a mild repulsion field. (EV +2) [potion of mutation]
  5493 | Ossuary  | Lost mutation: You are frail. (-10% HP) [potion of mutation]
  5493 | Ossuary  | Gained mutation: You are partially covered in slimy green scales. (AC +2) [potion of mutation]
  5493 | Ossuary  | Gained mutation: You can translocate small distances at will. [potion of mutation]
  5538 | D:5      | Noticed Nakatomy's ghost (novice CeHu)
  5561 | D:5      | Killed Nakatomy's ghost
  5561 | D:5      | Reached skill level 8 in Air Magic
  5963 | D:5      | Reached skill level 9 in Air Magic
  6074 | D:5      | Found a burning altar of Makhleb.
  6075 | D:5      | Found a glowing silver altar of Zin.
  6075 | D:5      | Noticed an angel
  6076 | D:5      | Noticed a blizzard demon
  6271 | D:6      | Found a staircase to the Ecumenical Temple.
  6272 | D:6      | Noticed Menkaure
  6276 | Temple   | Entered the Ecumenical Temple
  6277 | Temple   | Killed Menkaure
  6493 | Temple   | Became a worshipper of Vehumet
  6779 | D:6      | Reached skill level 10 in Air Magic
  6779 | D:6      | Reached XP level 9. HP: 51/51 MP: 20/20
  6830 | Temple   | HP: 2/51 [orc warrior/war axe (4)]
  7116 | D:6      | Reached * piety under Vehumet
  7116 | D:6      | Offered knowledge of Sandblast by Vehumet.
  7295 | D:6      | Reached skill level 11 in Air Magic
  7774 | D:6      | Found a stormy altar of Qazlal.
  7832 | D:6      | Learned a level 4 spell: Summon Lightning Spire
  7835 | D:6      | Learned a level 2 spell: Repel Missiles
  7838 | D:6      | Learned a level 2 spell: Swiftness
  8291 | D:7      | Reached ** piety under Vehumet
  8388 | D:7      | Noticed Prince Ribbit
  8462 | D:7      | Killed Prince Ribbit
  8462 | D:7      | Offered knowledge of Flame Tongue by Vehumet.
  8525 | D:8      | Reached skill level 1 in Fighting
  8525 | D:8      | Reached skill level 1 in Armour
  8666 | D:7      | Reached XP level 10. HP: 52/59 MP: 17/23
  9008 | D:8      | Found a shimmering altar of Xom.
  9530 | D:9      | Offered knowledge of Inner Flame by Vehumet.
  9699 | D:9      | Found an iron altar of Okawaru.
  9897 | D:9      | Reached *** piety under Vehumet
 10481 | D:9      | Reached skill level 5 in Dodging
 10664 | D:9      | Learned a level 3 spell: Inner Flame
 10697 | D:10     | Entered Level 10 of the Dungeon
 10914 | D:10     | Learned a level 3 spell: Mephitic Cloud
 10922 | D:10     | Noticed a hill giant
 10936 | D:10     | Demolished by a hill giant

Skill      XL: |  1  2  3  4  5  6  7  8  9 10 |
---------------+-------------------------------+-----
Air Magic      | 4 5 7 10 11 | 11.7
Spellcasting   | 3 5 6 7 8 |  8.4
Conjurations   | 2 4 5 6 8 |  8.0
Fighting       | 1 3 |  3.7
Armour         | 1 3 |  3.4
Dodging        | 5 |  5.2
Stealth        | |  2.1

Action                   |  1- 3 |  4- 6 |  7- 9 | 10-12 || total
-------------------------+-------+-------+-------+-------++-------
Melee: Unarmed           |    24 |       |       |       ||    24
       Dagger            |    44 |     4 |       |       ||    48
       Quarterstaff      |       |     7 |   158 |   161 ||   326
 Cast: Shock             |    62 |    83 |   190 |    66 ||   401
       Static Discharge  |       |     1 |     3 |     1 ||     5
       Lightning Bolt    |       |       |    13 |     9 ||    22
       Summon Lightning  |       |       |     2 |     1 ||     3
       Repel Missiles    |       |       |     1 |       ||     1
  Use: Scroll            |       |       |    10 |     1 ||    11
       Potion            |       |       |     3 |       ||     3
 Stab: Sleeping          |       |       |     2 |       ||     2
       Confused          |       |       |     1 |       ||     1
       Petrifying        |       |       |     1 |       ||     1
       Paralysed         |       |       |     2 |       ||     2
       Distracted        |       |       |       |     1 ||     1
  Eat: Chunk             |     3 |     6 |    18 |     8 ||    35
       Fruit             |       |       |       |     1 ||     1
Armor: Robe              |    27 |     5 |    83 |       ||   115
       Leather armour    |       |       |       |    94 ||    94
Dodge: Dodged            |    58 |    19 |   217 |   182 ||   476
       Deflected         |       |       |     3 |     2 ||     5
Block: Other             |       |       |       |    29 ||    29
